 Dungeon Crawl Stone Soup version 0.30.1-11-g7821555f0a (webtiles) character file.

Game seed: 7505849506866422742

49342 Condegh the Brawler (level 14, -9/210 (214) HPs)
             Began as a Troll Monk on Jan 3, 2024.
             Was a High Priest of Wu Jian.
             Mangled by an eight-headed hydra (10 damage)
             ... on level 3 of the Lair of Beasts.
             The game lasted 01:49:42 (16180 turns).

Condegh the Brawler (Troll Monk)                   Turns: 16180, Time: 01:49:42

HP:   -9/210 (214)  AC: 31    Str: 22    XL:     14   Next: 15%
MP:   13/13         EV:  1    Int: 10    God:    Wu Jian [*****.]
Gold: 1236          SH: 13    Dex: 12    Spells: 7/13 levels left

rFire   . .          .
                       - Unarmed
rCold   . . .        K - +2 kite shield
rNeg    . . .        O - melded +1 robe {rC+}
rPois   +            (helmet currently unavailable)
rElec   .            k - melded +2 cloak "Pixzinn" {Drain rN+ Stlth+}
rCorr   .            (gloves unavailable)
SInv    .            (boots unavailable)
Will    ++...        (no amulet)
Stlth   +            h - +4 ring of protection
HPRegen 1.35/turn    J - ring of willpower
MPRegen 0.13/turn

%: no passive effects
@: tree-form, slowed, lightly drained, very slow
A: stationary, stasis, torment immunity, boosted hp, large, unfitting armour,
(claws 3), regeneration 1, (shaggy fur 1), (tough skin 1)
a: Renounce Religion, Wall Jump, Serpent's Lash, Heavenly Storm


You were on level 3 of the Lair of Beasts.
You worshipped Wu Jian.
Wu Jian was extremely pleased with you.
You were a tree.
You visited 4 branches of the dungeon, and saw 18 of its levels.
You also visited: Sewer and Bailey.

You collected 1236 gold pieces.

Inventory:

Missiles
 H - a throwing net (quivered)
Armour
 c - an orb of light
 d - +0 ice dragon scales
 k - the +2 cloak "Pixzinn" (melded) {Drain rN+ Stlth+}
   (You found it in a bailey)

   rN:        It protects you from negative energy.
   Drain:     It drains your maximum health when unequipped.
   Stlth:     It makes you more stealthy.
 y - a +1 tower shield
 I - a +0 kite shield
 K - a +2 kite shield (worn)
 O - a +1 robe of cold resistance (melded)
Jewellery
 h - a +4 ring of protection (left branch)
 n - a +5 ring of evasion
 u - a ring of resist corrosion
 x - a ring of protection from cold
 G - a ring of fire
 J - a ring of willpower (right branch)
Wands
 a - a wand of polymorph (7)
 t - a wand of paralysis (7)
 z - a wand of flame (33)
 C - a wand of roots (12)
Scrolls
 f - 3 scrolls of fear
 g - 10 scrolls of teleportation
 r - 2 scrolls of vulnerability {unknown}
 s - a scroll of noise {unknown}
 v - 4 scrolls of enchant armour
 A - a scroll of amnesia
 B - 2 scrolls of summoning {unknown}
 L - 2 scrolls of magic mapping
 M - a scroll of enchant weapon
 N - 2 scrolls of blinking
 P - a scroll of fog {unknown}
Potions
 b - 3 potions of ambrosia
 e - 10 potions of curing
 i - 2 potions of heal wounds
 j - 4 potions of might
 l - a potion of brilliance
 m - a potion of lignification
 o - 3 potions of berserk rage
 p - 3 potions of mutation
 q - 3 potions of haste
 w - 9 potions of flight
 D - 2 potions of magic
 E - a potion of invisibility
 F - 2 potions of resistance


   Skills:
 + Level 10.1 Fighting
 - Level 9.9 Dodging
 + Level 10.0 Shields
 * Level 16.3 Unarmed Combat


You had 7 spell levels left.
You knew the following spells:

 Your Spells              Type           Power      Damage    Failure   Level
a - Statue Form           Tmut/Erth      0%         N/A       100%        6

Your spell library contained the following spells:

 Spells                   Type           Power      Damage    Failure   Level
 Beastly Appendage        Tmut           0%         N/A       56%         1
 Magic Dart               Conj           0%         1d3       56%         1
 Shock                    Conj/Air       0%         1d3       56%         1
 Slow                     Hex            0%         N/A       56%         1
 Sting                    Tmut/Pois      0%         1d3       56%         1
 Summon Small Mammal      Summ           0%         N/A       56%         1
 Momentum Strike          Conj/Tloc      0%         3d8       71%         2
 Poisonous Vapours        Pois/Air       0%         N/A       71%         2
 Searing Ray              Conj           0%         2d4       71%         2
 Wereblood                Tmut           0%         N/A       71%         2
 Call Canine Familiar     Summ           0%         N/A       90%         3
 Inner Flame              Hex/Fire       0%         N/A       90%         3
 Ozocubu's Armour         Ice            0%         N/A       90%         3
 Portal Projectile        Hex/Tloc       0%         N/A       90%         3
 Spider Form              Tmut/Pois      0%         N/A       90%         3
 Summon Guardian Golem    Hex/Summ       0%         N/A       90%         3
 Airstrike                Air            0%         2d(0-16)  100%        4
 Anguish                  Hex/Necr       0%         N/A       100%        4
 Flame Wave               Conj/Fire      0%         2d4       100%        4
 Fulminant Prism          Conj/Hex       0%         3d5       100%        4
 Leda's Liquefaction      Hex/Erth       0%         N/A       100%        4
 Olgreb's Toxic Radiance  Pois           0%         N/A       100%        4
 Sticky Flame             Conj/Fire      0%         2d3       100%        4
 Arcjolt                  Conj/Air       0%         1d10      100%        5
 Irradiate                Conj/Tmut      0%         3d11      100%        5
 Lee's Rapid Deconstruct  Erth           0%         3d4*      100%        5
 Summon Forest            Summ/Tloc      0%         N/A       100%        5
 Conjure Ball Lightning   Conj/Air       0%         3x3d6     100%        6
 Death Channel            Necr           0%         N/A       100%        6
 Eringya's Noxious Bog    Tmut/Pois      0%         N/A       100%        6
 Ozocubu's Refrigeration  Ice            0%         4d7       100%        7
 Summon Hydra             Summ           0%         N/A       100%        7


Dungeon Overview and Level Annotations

Branches:
Dungeon (11/15)            Temple (1/1) D:7            Lair (5/5) D:11
  Swamp (1/4) Lair:3       Spider (0/4) Lair:2        Slime (0/5) Lair:5
  Sewer (visited)          Bailey (visited)
    Orc: D:9-12

Altars:
Ashenzari
Cheibriados
Dithmenos
Elyvilon
Fedhas
Gozag
Hepliaklqana
Kikubaaqudgha
Makhleb
Nemelex Xobeh
Okawaru
Qazlal
Ru
Sif Muna
Trog
Uskayaw
Vehumet
Wu Jian
Xom
Yredelemnul
Zin
The Shining One
Jiyva

Annotations:
D:11 uferdig
Swamp:1 Josephine


Innate Abilities, Weirdness & Mutations

You are a tree.
Your roots penetrate the ground, keeping you stationary.
You cannot be teleported.
You are immune to unholy pain and torment.
Your maximum health is greatly increased.
Your equipment is partially melded.
You are too large for most types of armour.
((You have claws for hands.))
Your natural rate of healing is unusually fast.
((You are covered in fur. (AC +1)))
((You have tough skin. (AC +1)))


Message History

The eight-headed hydra barely misses you.
The eight-headed hydra bites you but does no damage.
The eight-headed hydra bites you!
* * * LOW HITPOINT WARNING * * *
The wraith hits you.
* * * LOW HITPOINT WARNING * * *
The bog body completely misses you.
You climb upwards.
Welcome back to the Lair of Beasts!
There is a staircase to the Swamp here.
Really quaff the potion of lignification?
You turn into a tree.
The +2 cloak "Pixzinn" {Drain rN+ Stlth+} melds into your body.
Your +1 robe of cold resistance melds into your body.
You feel less resistant to cold.
Your roots penetrate the ground.
You block the eight-headed hydra's attack.
The eight-headed hydra bites you but does no damage.
You block the eight-headed hydra's attack.
The eight-headed hydra bites you but does no damage. x3
You block the eight-headed hydra's attack.
The eight-headed hydra bites you but does no damage.
The wraith hits you but does no damage. x2
The bog body touches you but does no damage.
You smack the eight-headed hydra!
The eight-headed hydra is lightly wounded.
The eight-headed hydra bites you but does no damage. x2
You block the eight-headed hydra's attack.
The eight-headed hydra bites you.
* * * LOW HITPOINT WARNING * * *
The eight-headed hydra bites you but does no damage. x2
You block the eight-headed hydra's attack.
The eight-headed hydra bites you but does no damage.
You block the wraith's attack. The wraith hits you but does no damage.
The bog body touches you.
* * * LOW HITPOINT WARNING * * *
The bog body freezes you!!
* * * LOW HITPOINT WARNING * * *
The wraith hits you but does no damage.
The eight-headed hydra bites you but does no damage. x4
The eight-headed hydra bites you!
You die...

######## ###
######....#.#
#.#####.##.......###
##..##.#...........#
#.....##.Wn.......###
####...#D♣§........P#
#.....§§W........##
#####.§§§........#
####....###.P#.##
###..#P.#.##.#####
##.......##.###
#............## #
##........^...#### #
#..............#.#


You could see an eight-headed hydra, a bog body and 2 wraiths.

Vanquished Creatures
  Nessos (Lair:5)
  Snorg (Lair:4)
  Fannar (Lair:3)
  5 hydras
  2 two-headed ogres (D:11)
  2 death yaks (Lair:5)
  Nergalle (Lair:2)
  A skyshark (Lair:5)
  The ghost of Julppu the Cleaver, a novice MiFi of Trog (D:8)
  A pharaoh ant (Lair:2)
  3 goliath frogs
  2 lindwurms (Lair:3)
  A swamp dragon (Lair:3)
  An ugly thing (D:8)
  A deep elf pyromancer (D:10)
  3 black mambas
  5 elephants
  2 torpor snails (Lair:5)
  18 cane toads
  An unseen horror (D:9)
  3 rime drakes
  8 komodo dragons
  A troll (D:11)
  3 polar bears
  A tarantella (Lair:2)
  A hornet (D:9)
  6 dream sheep (Lair:5)
  A tyrant leech (Lair:5)
  31 blink frogs
  2 slime creatures (Lair:4)
  26 yaks
  5 wyverns
  4 wraiths
  A vampire (D:10)
  5 vampire mosquitoes
  4 basilisks
  A steam dragon (D:6)
  A redback (Lair:2)
  11 water moccasins
  6 ice beasts
  4 sky beasts
  3 black bears
  8 orc warriors
  27 wolves
  4 centaurs
  3 ogres
  A phantom (D:3)
  A kobold brigand (D:9)
  2 gnoll sergeants
  3 scorpions
  17 bullfrogs
  12 wights
  9 killer bees
  2 howler monkeys
  2 hounds
  A gnoll bouda (D:10)
  2 orc priests
  6 jellies
  5 iguanas
  A sleepcap (D:8)
  4 orc wizards
  A sickly merfolk siren (Sewer)
  A malarious merfolk avatar (Sewer)
  13 gnolls
  10 adders
  4 river rats (Sewer)
  A shadow imp (D:6)
  3 white imps
  2 ufetubi
  3 worms
  6 dart slugs
  37 orcs
  4 endoplasms
  4 giant cockroaches
  14 goblins
  3 hobgoblins
  7 kobolds
  3 quokkas
  16 ball pythons
  5 bats
  8 frilled lizards
  25 rats
461 creatures vanquished.

Vanquished Creatures (others)
  An adder (D:6)
1 creature vanquished.

Grand Total: 462 creatures vanquished

Notes
Turn   | Place    | Note
-------+----------+-------------------------------------------
     0 | D:1      | Condegh the Troll Monk began the quest for the Orb.
     0 | D:1      | Reached XP level 1. HP: 22/22 MP: 0/0
   169 | D:1      | Reached XP level 2. HP: 29/29 MP: 1/1
   512 | D:1      | Reached XP level 3. HP: 36/36 MP: 2/2
   877 | D:2      | Got Net Ots's Dissertation on Meteoric Ill Luck
   930 | D:2      | Reached skill level 4 in Unarmed Combat
  1274 | D:3      | Reached XP level 4. HP: 44/44 MP: 3/3
  1286 | D:3      | Noticed a phantom
  1299 | D:3      | Killed a phantom
  1300 | D:3      | Reached XP level 5. HP: 51/53 MP: 4/4
  1548 | D:3      | Found a hide-covered altar of Uskayaw.
  1606 | D:3      | Found a white marble altar of Elyvilon.
  2010 | D:4      | Reached skill level 5 in Unarmed Combat
  2226 | D:4      | Reached XP level 6. HP: 61/61 MP: 5/5
  2417 | D:4      | Found an ancient bone altar of Kikubaaqudgha.
  2889 | D:4      | Found a stormy altar of Qazlal.
  3142 | D:5      | Entered Level 5 of the Dungeon
  3145 | D:5      | Found a glowing drain.
  3165 | Sewer    | Entered a sewer
  3172 | Sewer    | Reached skill level 6 in Unarmed Combat
  3197 | Sewer    | Reached XP level 7. HP: 60/68 MP: 6/6
  3515 | D:5      | Found a sparkling altar of Nemelex Xobeh.
  3516 | D:5      | Found an opulent altar of Gozag.
  3599 | D:5      | Learned a level 6 spell: Statue Form
  3703 | D:5      | Reached skill level 1 in Shields
  3722 | D:5      | Found a sacrificial altar of Ru.
  3837 | D:5      | Reached skill level 7 in Unarmed Combat
  3837 | D:5      | Reached XP level 8. HP: 65/79 MP: 7/7
  4605 | D:5      | Found a glowing golden altar of the Shining One.
  4927 | D:6      | Reached skill level 5 in Fighting
  4927 | D:6      | Reached skill level 5 in Dodging
  4927 | D:6      | Reached skill level 8 in Unarmed Combat
  5052 | D:6      | HP: 4/80 [orc warrior/+0 halberd (12)]
  5053 | D:6      | Reached XP level 9. HP: 4/88 MP: 8/8
  5517 | D:6      | Found an iron altar of Okawaru.
  5818 | D:7      | Reached skill level 9 in Unarmed Combat
  5910 | D:7      | Found a staircase to the Ecumenical Temple.
  5920 | Temple   | Entered the Ecumenical Temple
  5920 | Temple   | Found a transporter.
  5920 | Temple   | Found a transporter.
  5922 | Temple   | Found a transporter.
  5922 | Temple   | Found a transporter.
  5946 | Temple   | Became a worshipper of the Wu Jian Council
  5946 | Temple   | Reached * piety under Wu Jian
  5946 | Temple   | Reached ** piety under Wu Jian
  6641 | D:8      | Found a runed translucent door.
  6642 | D:8      | Noticed Julppu's ghost (novice MiFi)
  6732 | D:8      | Found a shimmering blue altar of Sif Muna.
  6826 | D:8      | Found a snail-covered altar of Cheibriados.
  6870 | D:8      | Found a flagged portal.
  6878 | D:8      | Reached skill level 10 in Unarmed Combat
  6900 | Bailey   | Entered a bailey
  6914 | Bailey   | Reached XP level 10. HP: 98/98 MP: 9/9
  7160 | Bailey   | Got the Book of Baleful Vapour
  7161 | Bailey   | Identified the +2 cloak "Pixzinn" {Drain rN+ Stlth+}
  7418 | D:8      | Noticed a cyan ugly thing
  7449 | D:8      | Killed a cyan ugly thing
  7450 | D:8      | Reached skill level 5 in Shields
  7552 | D:8      | Found a shadowy altar of Dithmenos.
  7863 | D:8      | Killed Julppu's ghost
  7919 | D:9      | Found the +7 Spriggan's Knife {stab, EV+4 Stlth+}
  7962 | D:9      | Reached *** piety under Wu Jian
  8094 | D:9      | Found an iron altar of Okawaru.
  8115 | D:9      | Reached skill level 11 in Unarmed Combat
  8693 | D:9      | Found a glowing silver altar of Zin.
  8693 | D:9      | Noticed an angel
  8786 | D:10     | Entered Level 10 of the Dungeon
  9031 | D:10     | Found a shimmering altar of Xom.
  9033 | D:10     | Found a shimmering altar of Xom.
  9034 | D:10     | Found a shimmering altar of Xom.
  9034 | D:10     | Found a shimmering altar of Xom.
  9034 | D:10     | Found a shimmering altar of Xom.
  9035 | D:10     | Found a shimmering altar of Xom.
  9036 | D:10     | Noticed a deep elf pyromancer
  9040 | D:10     | Killed a deep elf pyromancer
  9041 | D:10     | Reached XP level 11. HP: 109/109 MP: 10/10
  9165 | D:10     | Found a blossoming altar of Fedhas.
  9593 | D:11     | Noticed a two-headed ogre
  9746 | D:11     | Found a staircase to the Lair.
  9851 | D:11     | Noticed a two-headed ogre
  9856 | D:11     | Killed a two-headed ogre
  9857 | D:11     | Reached skill level 12 in Unarmed Combat
  9940 | D:11     | Reached **** piety under Wu Jian
 10097 | D:10     | Found a shimmering altar of Xom.
 10097 | D:10     | Noticed a mana viper
 10098 | D:10     | Noticed a harpy
 10127 | D:11     | Killed a two-headed ogre
 10437 | Lair:1   | Entered Level 1 of the Lair of Beasts
 10575 | Lair:1   | Found a hide-covered altar of Uskayaw.
 10900 | Lair:1   | Reached skill level 13 in Unarmed Combat
 11048 | Lair:1   | Reached XP level 12. HP: 112/119 MP: 11/11
 11649 | Lair:2   | Noticed a six-headed hydra
 11656 | Lair:2   | Killed a nine-headed hydra
 11733 | Lair:2   | Found a hole to the Spider Nest.
 11995 | Lair:2   | Reached ***** piety under Wu Jian
 12146 | Lair:2   | Noticed Nergalle
 12160 | Lair:2   | Killed Nergalle
 12648 | Lair:3   | Reached skill level 14 in Unarmed Combat
 12725 | Lair:3   | Noticed an eight-headed hydra
 12751 | Lair:3   | Killed an eight-headed hydra
 12860 | Lair:3   | Noticed Fannar
 12876 | Lair:3   | Killed Fannar
 12877 | Lair:3   | Reached XP level 13. HP: 123/131 MP: 12/12
 13131 | Lair:3   | Identified the +0 helmet of Space {Harm rN+ Str+2 Dex-2}
 13138 | Lair:3   | Identified the +1 chain mail of the Furies {rF+ MP+9}
 13294 | Lair:3   | Found a staircase to the Swamp.
 14196 | Lair:5   | Entered Level 5 of the Lair of Beasts
 14218 | Lair:5   | Reached skill level 15 in Unarmed Combat
 14236 | Lair:5   | Noticed Nessos
 14563 | Lair:5   | Noticed Snorg
 14585 | Lair:5   | HP: 2/131 [Snorg (15)]
 14688 | Lair:4   | Killed Snorg
 14841 | Lair:5   | Found a viscous altar of Jiyva.
 14842 | Lair:5   | Found a staircase to the Slime Pits.
 15543 | Lair:5   | Killed Nessos
 15543 | Lair:5   | Reached skill level 16 in Unarmed Combat
 15543 | Lair:5   | Reached XP level 14. HP: 89/141 MP: 13/13
 15671 | Lair:5   | Reached skill level 10 in Fighting
 15876 | Lair:5   | Got the Atlas of Kinetic Bodies
 16063 | Lair:5   | Reached skill level 10 in Shields
 16136 | Swamp:1  | Entered Level 1 of the Swamp
 16136 | Swamp:1  | Noticed Josephine
 16180 | Lair:3   | HP: 1/210 [bog body (18)]
 16180 | Lair:3   | Mangled by an eight-headed hydra

Illustrated notes

Levels and vault maps discovered:
D:1:      dpeg_chamrin_arrival_tetris, layout_basic
D:2:      layout_rooms
D:3:      layout_loops_ring, mainiacjoe_overflow_catch_the_wave,
          hangedman_abyss_or_decor_stabs
D:4:      layout_layer_cave, mainiacjoe_overflow_boulevard,
          general_overflow_altar
D:5:      layout_layer_cave, grunt_temple_overflow_opulence,
          amcnicky_altar_gilded, mainiacjoe_overflow_brackets,
          cheibrodos_sewer_entry_bend, kennysheep_flooded_box,
          hangedman_decor_peaks_small, amethyst_killhole
D:6:      layout_basic, minivault_23, minmay_ruined_shrine
D:7:      layout_gridville, minmay_temple_entry_sparse_star
D:8:      layout_loops_ring, mainiacjoe_overflow_cross_hatched,
          lemuel_doored_altar, mainiacjoe_overflow_alcove_4, enter_bailey_7,
          gammafunk_ghost_grave
D:9:      layout_gridville, zin_angel, mainiacjoe_overflow_concentric_impassable
D:10:     layout_loops_ring, fedhas_altar_4, xom_shifter_show
D:11:     layout_roguey, hellmonk_lair_entry_icy
Temple:   hellmonk_temple_divided_pantheon
Lair:1:   layout_concentric_octagons, basic_altar, patterned_corridor,
          lemuel_fruit_tree
Lair:2:   layout_chaotic_city, nicolae_spider_entry_lesser_pyramids,
          minivault_25, uniq_nergalle
Lair:3:   layout_cave_pods, minmay_swamp_entry_reptiles, nicolae_lair_lindhole,
          uniq_fannar
Lair:4:   layout_long_grid, grunt_forest_large_clearings
Lair:5:   minmay_lair_end_frog_pond, layout_cave_pods,
          minmay_slime_entry_pillars, chequers_serial_rivers_micro_c,
          minivault_25, uniq_nessos, uniq_snorg
Swamp:1:  layout_falls_marsh, evilmike_swamp_ruin_rubble_1, uniq_josephine

Skill      XL: |  1  2  3  4  5  6  7  8  9 10 11 12 13 14 |
---------------+-------------------------------------------+-----
Unarmed Combat | 4 5 6 7 8 10 11 13 14 16 | 16.3
Fighting       | 3 4 5 6 7 8 9 10 | 10.1
Dodging        | 3 4 5 6 7 8 9 |  9.9
Shields        | 1 3 4 6 7 8 9 10 | 10.0

Action                     |  1- 3 |  4- 6 |  7- 9 | 10-12 | 13-15 || total
---------------------------+-------+-------+-------+-------+-------++-------
  Melee: Unarmed           |    86 |    88 |   335 |   718 |   457 ||  1684
         Punch             |       |       |       |       |     1 ||     1
 Invoke: Serpent's Lash    |       |       |       |     6 |     5 ||    11
Ability: Lunge             |       |       |    16 |    84 |    45 ||   145
         Whirlwind         |       |       |     3 |   193 |   129 ||   325
  Evoke: Wand              |       |       |       |     6 |    28 ||    34
    Use: Scroll            |       |     4 |     9 |     6 |     3 ||    22
         Potion            |       |       |     2 |     1 |     7 ||    10
   Stab: Sleeping          |       |       |     1 |     3 |     1 ||     5
 Armour: Robe              |    40 |    46 |    89 |   120 |    96 ||   391
         Skin              |       |       |       |    37 |    19 ||    56
  Dodge: Dodged            |    45 |    34 |    95 |   232 |   183 ||   589
  Block: Tower shield      |       |       |   153 |   125 |       ||   278
         Kite shield       |       |       |       |   189 |   198 ||   387
